 Dungeon Crawl Stone Soup version 0.30-a0-269-gf0224bf7b6 (webtiles) character file.

Game seed: 16043117010903006381

1073 Anon1729 the Trooper (level 8, -1/61 HPs)
             Began as a Mummy Monk on Oct 14, 2022.
             Was an Elder of Sif Muna.
             Slain by a mummy (13 damage)
             ... in an ossuary.
             The game lasted 00:11:33 (6090 turns).

Anon1729 the Trooper (Mummy Monk)                   Turns: 6090, Time: 00:11:33

Health: -1/61      AC:  8    Str: 22    XL:     8   Next: 7%
Magic:  0/13       EV:  9    Int: 10    God:    Sif Muna [****..]
Gold:   255        SH:  0    Dex: 14    Spells: 13/14 levels left

rFire   x . .      SeeInvis .    x - staff of cold
rCold   + + .      Faith    +    (no shield)
rNeg    + + +      Spirit   +    u - +0 chain mail
rPois   ∞          Reflect  .    (no helmet)
rElec   .          Harm     .    (no cloak)
rCorr   .          Rampage  .    (no gloves)
Will    +....                    (no boots)
Stlth   ..........               j - amulet of guardian spirit
HPRegen 0.30/turn                e - +6 ring of strength
MPRegen 0.13/turn                (no ring)

@: no status effects
A: cold resistance 1, negative energy resistance 3, torment resistance 2, heat
vulnerability 1, in touch with death 1, no potions, faith
a: Renounce Religion, Channel Magic, Forget Spell, Divine Exegesis


You were in an ossuary.
You worshipped Sif Muna.
Sif Muna was greatly pleased with you.
You visited 1 branch of the dungeon, and saw 6 of its levels.
You also visited: Ossuary.

You collected 255 gold pieces.

Inventory:

Hand Weapons
 a - a +0 spear
 g - a +0 vampiric dagger
 o - the +5 flail of the Final Chapter {pain, *Corrode Fly rN+++ SInv}
   (You found it on level 3 of the Dungeon)

   In the hands of one skilled in necromantic magic, it inflicts extra damage on
   living creatures.
   rN:        It renders you almost immune to negative energy.
   SInv:      It lets you see invisible.
   Fly:       It grants you flight.
   *Corrode:  It may corrode you when you take damage.
 t - a +0 spear of chaos
 w - a +0 quarterstaff
Missiles
 n - 14 poisoned darts
Armour
 b - a +0 robe
 d - a +0 ring mail
 q - the +0 robe of Fun and Games {rPois Dex+7}
   (You found it on level 4 of the Dungeon)

   Dex:       It affects your dexterity (+7).
   rPois:     It protects you from poison.
 u - a +0 chain mail (worn)
 y - a +0 pair of gloves
Magical Staves
 x - a staff of cold (weapon)
Jewellery
 e - a +6 ring of strength (left hand)
 j - an amulet of guardian spirit (around neck)
Wands
 l - a wand of charming (3)
Scrolls
 c - 2 scrolls of immolation {unknown}
 f - 2 scrolls of magic mapping {unknown}
 h - 5 scrolls of identify {unknown}
 i - a scroll of torment {unknown}
 k - a scroll of teleportation {unknown}
 m - 2 scrolls of enchant weapon {unknown}
 p - a scroll of butterflies {unknown}
 r - 3 scrolls of blinking {unknown}
 s - a scroll of vulnerability {unknown}
 v - 4 scrolls of silence {unknown}


   Skills:
 + Level 4.4 Fighting
 - Level 2.6(3.0) Polearms
 + Level 2.1(2.8) Staves
 - Level 1.0 Armour
 + Level 3.2 Dodging
 + Level 3.5 Stealth
 + Level 3.8 Spellcasting
 * Level 3.9 Necromancy
 + Level 2.4 Invocations
 + Level 1.9 Evocations


You had 13 spell levels left.
You knew the following spells:

 Your Spells              Type           Power      Damage    Failure   Level
a - Necrotise             Necr           56%        1d6       43%         1

Your spell library contained the following spells:

 Spells                   Type           Power      Damage    Failure   Level
 Apportation              Tloc           2%         N/A       94%         1
 Magic Dart               Conj           4%         1d3       94%         1
 Sting                    Tmut/Pois      4%         1d3       94%         1
 Summon Small Mammal      Summ           4%         N/A       94%         1
 Call Imp                 Summ           1%         N/A       98%         2
 Poisonous Vapours        Pois/Air       2%         N/A       98%         2
 Mephitic Cloud           Conj/Pois/Air  1%         N/A       100%        3
 Swiftness                Air            1%         N/A       100%        3
 Olgreb's Toxic Radiance  Pois           1%         N/A       100%        4
 Freezing Cloud           Conj/Ice/Air   1%         6-21      100%        5
 Conjure Ball Lightning   Conj/Air       0%         3x3d6     100%        6


Dungeon Overview and Level Annotations

Branches:
Dungeon (6/15)            Ossuary (1/1)
 Temple: D:4-7

Altars:
Dithmenos
Nemelex Xobeh
Qazlal
Ru
Sif Muna
Xom

Annotations:
D:5 3 runed translucent doors, bjarki66's ghost, novice MiFi


Innate Abilities, Weirdness & Mutations

You are immune to poison.
Your flesh is cold resistant. (rC+)
You are immune to negative energy. (rN+++)
You are immune to unholy pain and torment.
You are vulnerable to heat. (rF-)
You are in touch with the powers of death.
You do not drink.
You have a special connection with the divine. (Faith)


Message History

The mummy is moderately damaged.
The mummy barely misses you.
You hit the mummy.
The mummy is heavily damaged.
The mummy hits you!
You hit the mummy but do no damage.
The mummy is heavily damaged.
You barely miss the mummy.
The mummy is heavily damaged.
The mummy hits you!
You hit the mummy but do no damage.
The mummy is heavily damaged.
You hit the mummy. Your punch misses the mummy.
The mummy is heavily damaged.
The mummy hits you!
You are too injured to fight recklessly!
You are too injured to fight recklessly!
You are too injured to fight recklessly!
You are too injured to fight recklessly!
You are too injured to fight recklessly!
You are too injured to fight recklessly!
You are too injured to fight recklessly!
You are too injured to fight recklessly!
You are too injured to fight recklessly!
You are too injured to fight recklessly!
You are too injured to fight recklessly!
You are too injured to fight recklessly!
You are too injured to fight recklessly!
You are too injured to fight recklessly!
You are too injured to fight recklessly!
You hit the mummy.
The mummy is heavily damaged.
The mummy hits you!
* * * LOW HITPOINT WARNING * * *
You barely miss the mummy.
The mummy is heavily damaged.
You hit the mummy.
The mummy is severely damaged.
The mummy hits you!
You die...

..# #...# ..# #...#
..# #...# ..# #...#
### ###'# ..# #...#
..##### ##### #...#
..#...#!!!!#...#...#
..'.∩.#??[?+.∩.M@..#
..#...#??!?#...#...#
####### ##### #####


You could see a mummy.

Vanquished Creatures
  An ice beast (D:3)
  An orc warrior (D:5)
  An ogre (D:4)
  A phantom (D:5)
  3 water moccasin zombies (Ossuary)
  A howler monkey (D:4)
  2 hounds (D:4)
  An iguana (D:5)
  A gnoll bouda (D:5)
  Natasha (D:2)
  A mummy (Ossuary)
  7 gnolls (D:5)
  5 adders
  A white imp (D:5)
  7 adder zombies (Ossuary)
  2 worms
  A dart slug (D:4)
  6 orcs
  8 ball pythons
  3 endoplasms
  6 giant cockroaches
  6 goblins
  5 hobgoblins
  5 jackals
  8 kobolds
  5 quokkas
  6 bats
  2 frilled lizards
  4 gnoll zombies (Ossuary)
  2 hobgoblin zombies (Ossuary)
  5 kobold zombies (Ossuary)
  4 orc zombies (Ossuary)
  5 rats
117 creatures vanquished.

Vanquished Creatures (collateral kills)
  A water moccasin (D:6)
  A shadow imp (D:5)
  5 orcs (D:5)
  A bat (D:2)
  A jackal (D:4)
9 creatures vanquished.

Vanquished Creatures (others)
  A plant (D:2)
1 creature vanquished.

Grand Total: 127 creatures vanquished

Notes
Turn   | Place    | Note
-------+----------+-------------------------------------------
     0 | D:1      | Anon1729 the Mummy Monk began the quest for the Orb.
     0 | D:1      | Reached XP level 1. HP: 18/18 MP: 1/1
   142 | D:1      | Reached XP level 2. HP: 24/24 MP: 2/2
   624 | D:1      | Gained mutation: You are in touch with the powers of death.
                  | [Mummy growth]
   624 | D:1      | Reached XP level 3. HP: 22/29 MP: 3/3
  1063 | D:2      | Found a faded altar of an unknown god.
  1073 | D:2      | Got Plato's Commentary on the Dead
  1076 | D:2      | Prayed at the altar of an unknown god.
  1076 | D:2      | Became a worshipper of Sif Muna the Loreminder
  1076 | D:2      | Reached * piety under Sif Muna
  1076 | D:2      | Reached ** piety under Sif Muna
  1112 | D:2      | Learned a level 1 spell: Necrotise
  1217 | D:2      | Found a sacrificial altar of Ru.
  1234 | D:2      | Noticed Natasha
  1245 | D:3      | Reached skill level 1 in Armour
  1270 | D:3      | Noticed an ice beast
  1307 | D:3      | Reached *** piety under Sif Muna
  1396 | D:3      | Killed an ice beast
  1397 | D:3      | Reached XP level 4. HP: 9/35 MP: 2/7
  1397 | D:3      | Reached XP level 5. HP: 10/41 MP: 2/8
  1580 | D:3      | Noticed a water moccasin
  1844 | D:3      | Identified the +5 flail of the Final Chapter {pain,
                  | *Corrode Fly rN+++ SInv}
  1872 | D:3      | Found a stormy altar of Qazlal.
  1890 | D:3      | Reached skill level 1 in Necromancy
  2005 | D:3      | Found a sacrificial altar of Ru.
  2014 | D:3      | Found a sparkling altar of Nemelex Xobeh.
  2546 | D:3      | Found a shimmering blue altar of Sif Muna.
  2558 | D:3      | Got the Textbook on the Frozen Tempest
  2581 | D:3      | Reached skill level 1 in Invocations
  2894 | D:2      | Killed Natasha
  3026 | D:4      | Reached skill level 1 in Staves
  3288 | D:4      | Reached XP level 6. HP: 43/47 MP: 7/9
  3329 | D:4      | Identified the +0 robe of Fun and Games {rPois Dex+7}
  3336 | D:4      | Found a shadowy altar of Dithmenos.
  3894 | D:5      | Entered Level 5 of the Dungeon
  3909 | D:5      | Found a shimmering altar of Xom.
  3965 | D:5      | Noticed an orc warrior
  4138 | D:5      | Killed an orc warrior
  4139 | D:5      | Reached skill level 1 in Evocations
  4304 | D:5      | Found a runed translucent gate.
  4304 | D:5      | Noticed an orc warrior
  4305 | D:5      | Found a runed translucent gate.
  4305 | D:5      | Noticed bjarki66's ghost (novice MiFi)
  4305 | D:5      | Noticed an ice beast
  4309 | D:5      | Found a runed translucent gate.
  4383 | D:4      | Reached XP level 7. HP: 36/53 MP: 6/11
  4461 | D:5      | Reached **** piety under Sif Muna
  4570 | D:5      | Reached skill level 4 in Fighting
  5480 | D:6      | Found a sand-covered staircase.
  5504 | D:6      | HP: 2/54 [black bear (1)]
  5505 | Ossuary  | Entered an ossuary
  5995 | Ossuary  | Reached XP level 8. HP: 53/61 MP: 11/13
  6090 | Ossuary  | Slain by a mummy

Illustrated notes

Levels and vault maps discovered:
D:1:      dpeg_arrival_prison, layout_basic
D:2:      layout_basic, shapermc_ecumenical_altar_rom_forum, basic_altar,
          chequers_big_river, uniq_natasha
D:3:      layout_basic, grunt_qazlal_clouds, grunt_temple_overflow_diamond,
          lemuel_round_altar, ebering_dispersal_statue_hall,
          dreamdust_princess_bridge, kennysheep_generic_room_3
D:4:      minmay_wonky_spiral, layout_cave_pools,
          nicolae_dithmenos_shadow_blocks
D:5:      layout_rooms, tgw_xom, gammafunk_ghost_split
D:6:      layout_loops_ring, elyvilon_altar_1, nicolae_ossuary_entry_plus,
          hangedman_abyss_or_decor_stagger, grunt_ministairs_3,
          nicolae_lava_and_water
Ossuary:  ossuary_tomb_2

Skill      XL: |  1  2  3  4  5  6  7 |
---------------+----------------------+-----
Stealth        | 2 3 |  3.5
Armour         | 1 |  1.0
Dodging        | 3 |  3.2
Spellcasting   | 2 3 |  3.8
Necromancy     | 1 2 3 |  3.9
Invocations    | 1 2 |  2.4
Staves         | 1 2 |  2.1
Evocations     | 1 |  1.9
Fighting       | 4 |  4.4
Polearms       | |  2.6

Action                   |  1- 3 |  4- 6 |  7- 9 || total
-------------------------+-------+-------+-------++-------
Melee: Spear             |   193 |   244 |    48 ||   485
       Punch             |     3 |     1 |     3 ||     7
       Staff             |       |       |   249 ||   249
       Quarterstaff      |       |       |    29 ||    29
 Cast: Necrotise         |     4 |       |     2 ||     6
Evoke: Wand              |     1 |     3 |     4 ||     8
 Stab: Sleeping          |     6 |     4 |       ||    10
Armor: Robe              |     6 |       |       ||     6
       Ring mail         |    56 |    58 |       ||   114
       Chain mail        |       |     7 |   156 ||   163
Dodge: Dodged            |    91 |   144 |   120 ||   355

Table legend: (Time is in decaauts)
 A = Elapsed time spent in this place.
 B = Non-inter-level travel time spent in this place.
 C = Inter-level travel time spent in this place.
 D = Time resting spent in this place.
 E = Time spent auto-exploring this place.
 F = Levels seen in this place.
 G = Mean time per level.
                   A        B        C        D        E       F      G
               +--------+--------+--------+--------+--------+-----+--------+
         Total |   6101 |   5906 |    195 |    636 |   3687 |   7 |  871.6 |
       Dungeon |   5502 |   5307 |    195 |    558 |   3415 |   6 |  917.0 |
       Ossuary |    599 |    599 |      0 |     78 |    272 |   1 |  599.0 |
               +--------+--------+--------+--------+--------+-----+--------+

Top non-repeatable levels by time:
     D:3: 1712 daAuts
     D:4: 1115 daAuts
     D:1: 1055 daAuts
     D:5: 911 daAuts
 Ossuary: 599 daAuts
     D:6: 363 daAuts
     D:2: 343 daAuts
